 Dungeon Crawl Stone Soup version 0.28-a0-1510-gd0f6b136d3 (webtiles) character file.

Game seed: 3253489896567184538

247 Hasart the Insei (level 6, 0/39 HPs)
             Began as an Octopode Transmuter on Jan 14, 2022.
             Slain by a centaur skeleton (1 damage)
             ... on level 4 of the Dungeon.
             The game lasted 00:04:13 (2874 turns).

Hasart the Insei (Octopode Transmuter)              Turns: 2874, Time: 00:04:13

Health: 0/39       AC:  5    Str: 10    XL:     6   Next: 11%
Magic:  10/10      EV: 13    Int: 17    God:
Gold:   116        SH:  0    Dex: 12    Spells: 4/10 levels left

rFire   . . .      SeeInvis .     - Unarmed
rCold   . . .      Faith    .   (no shield)
rNeg    . . .      Spirit   .   (helmet restricted)
rPois   .          Reflect  .   (no amulet)
rElec   .          Harm     .   a - +4 ring of protection
rCorr   .          Rampage  .   (no ring)
Will    .....                   (no ring)
Stlth   ++........              (no ring)
HPRegen 0.13/turn               (no ring)
MPRegen 0.12/turn               (no ring)
                                (no ring)
                                (no ring)

@: no status effects
A: almost no armour, amphibious, 8 rings, camouflage 1, gelatinous body 1,
(nimble swimmer 1), tentacles
a: no special abilities


You were on level 4 of the Dungeon.
You visited 1 branch of the dungeon, and saw 4 of its levels.

You collected 116 gold pieces.

Inventory:

Jewellery
 a - a +4 ring of protection (left tentacle)
Wands
 k - a wand of flame (11)
Scrolls
 f - 2 scrolls of noise {unknown}
 g - a scroll of enchant weapon {unknown}
 i - a scroll of blinking {unknown}
 j - a scroll of amnesia {unknown}
 l - 2 scrolls of identify {unknown}
 m - a scroll of teleportation {unknown}
Potions
 b - 2 potions of degeneration {unknown}
 c - a potion of lignification {unknown}
 d - a potion of mutation {unknown}
 e - 2 potions of haste {unknown}
 h - a potion of curing {unknown}


   Skills:
 + Level 2.3 Fighting
 + Level 3.0 Dodging
 * Level 4.4 Unarmed Combat
 + Level 2.8 Spellcasting
 + Level 2.9 Transmutations
 + Level 1.4 Poison Magic


You had 4 spell levels left.
You knew the following spells:

 Your Spells              Type           Power      Damage    Failure   Level
a - Beastly Appendage     Tmut           24%        N/A       5%          1
b - Wereblood             Tmut           12%        N/A       8%          2
c - Spider Form           Tmut/Pois      9%         N/A       22%         3

Your spell library contained the following spells:

 Spells                   Type           Power      Damage    Failure   Level
 Animate Skeleton         Necr           4%         N/A       19%         1
 Pain                     Necr           8%         1d4       19%         1
 Call Canine Familiar     Summ           2%         N/A       47%         3
 Portal Projectile        Hex/Tloc       4%         N/A       47%         3
 Vampiric Draining        Necr           2%         2d6       47%         3
 Ice Form                 Ice/Tmut       7%         N/A       67%         4
 Leda's Liquefaction      Hex/Erth       1%         N/A       87%         4


Dungeon Overview and Level Annotations

Branches:
Dungeon (4/15)
 Temple: D:4-7

Altars:
Sif Muna

Annotations:
D:3 1 runed translucent door, Crazy Yiuf


Innate Abilities, Weirdness & Mutations

You cannot wear most types of armour.
You are amphibious.
You can wear up to eight rings at the same time.
Your skin changes colour to match your surroundings (Stealth+).
Your rubbery body absorbs attacks. (AC +1, EV +1)
((You are camouflaged when in or above water. (Stealth+)))
You have tentacles for arms and can constrict up to eight enemies at once.


Message History

The centaur skeleton closely misses you.
The centaur skeleton misses you. The iguana bites you.
You tentacle-slap the iguana but do no damage.
Your squeeze misses the iguana.
The iguana is heavily wounded.
You constrict the iguana, but do no damage.
The centaur skeleton hits you.
The centaur skeleton kicks you but does no damage.
The iguana misses you.
You tentacle-slap the iguana.
The iguana is severely wounded.
You constrict the iguana, but do no damage.
The centaur skeleton hits you but does no damage.
The centaur skeleton kicks you. The iguana bites you.
* * * LOW HITPOINT WARNING * * *
Unknown command.
You bludgeon the iguana!
You kill the iguana!
The centaur skeleton barely misses you.
The centaur skeleton kicks you but does no damage.
The centaur skeleton misses you. The centaur skeleton barely misses you.
Your Dodging skill increases to level 3!
You have reached level 6!
The centaur skeleton misses you. The centaur skeleton kicks you.
* * * LOW HITPOINT WARNING * * *
The centaur skeleton hits you but does no damage.
The centaur skeleton completely misses you.
The centaur skeleton hits you.
* * * LOW HITPOINT WARNING * * *
The centaur skeleton kicks you.
* * * LOW HITPOINT WARNING * * *
Things that are here:
a +0 whip; a stone; a kobold corpse The centaur skeleton hits you.
* * * LOW HITPOINT WARNING * * *
The centaur skeleton barely misses you.
There is a stone staircase leading up here.
The centaur skeleton hits you but does no damage.
The centaur skeleton kicks you.
You die...

##...## ##..#..##
#...##..###
##).####...###
##..###.......##.
#..##............
##..##........!...
##Z.####...†.......
#.@## #...........
##.## ##..........
#..# #..........
##.## ##.....####
#.## #.....# ###
#.....#


You could see a centaur skeleton.

Vanquished Creatures
  An iguana (D:4)
  Natasha (thrice) (D:3)
  An orc wizard (D:3)
  3 gnolls (D:3)
  3 adders
  2 worms
  2 dart slugs
  6 orcs (D:3)
  4 endoplasms
  2 goblins
  5 hobgoblins
  3 quokkas
  5 ball pythons
  4 bats
  2 frilled lizards (D:1)
  4 kobolds
  8 rats
58 creatures vanquished.

Vanquished Creatures (others)
  5 fungi (D:3)
  8 plants (D:3)
13 creatures vanquished.

Grand Total: 71 creatures vanquished

Notes
Turn   | Place    | Note
-------+----------+-------------------------------------------
     0 | D:1      | Hasart the Octopode Transmuter began the quest for the Orb.
     0 | D:1      | Reached XP level 1. HP: 13/13 MP: 3/3
     6 | D:1      | Noticed a rime drake
     6 | D:1      | Noticed a black bear
     6 | D:1      | Noticed a snapping turtle
     7 | D:1      | Noticed a lindwurm
     7 | D:1      | Noticed a wolf
   404 | D:1      | Reached XP level 2. HP: 13/18 MP: 5/5
   909 | D:2      | Reached XP level 3. HP: 19/23 MP: 6/6
  1668 | D:3      | Noticed Natasha
  1674 | D:3      | Killed Natasha
  1675 | D:3      | Reached XP level 4. HP: 22/29 MP: 7/7
  1680 | D:2      | Learned a level 2 spell: Wereblood
  1684 | D:2      | Learned a level 3 spell: Spider Form
  1686 | D:3      | Noticed Natasha
  1757 | D:3      | Killed Natasha
  1865 | D:3      | Reached skill level 4 in Unarmed Combat
  1881 | D:3      | Reached XP level 5. HP: 30/34 MP: 8/8
  1903 | D:3      | Reached skill level 1 in Poison Magic
  1979 | D:3      | Found a faded altar of an unknown god.
  2084 | D:3      | Noticed Natasha
  2096 | D:3      | Killed Natasha
  2702 | D:3      | Found a runed translucent door.
  2703 | D:3      | Noticed Crazy Yiuf
  2748 | D:4      | Found a shimmering blue altar of Sif Muna.
  2860 | D:4      | Reached XP level 6. HP: 9/39 MP: 10/10
  2871 | D:4      | HP: 1/39 [centaur skeleton (2)]
  2874 | D:4      | Slain by a centaur skeleton

Illustrated notes

Levels and vault maps discovered:
D:1:      onia_arrival_zoo_common, layout_rooms, chequers_serial_rivers_large_b,
          minmay_distorted
D:2:      layout_loops_ring, minmay_misc_feat_diagonals
D:3:      layout_basic, shapermc_ecumenical_altar_mp_urbaneastern, uniq_natasha,
          uniq_crazy_yiuf_cottage
D:4:      layout_cave_pods, doesnt_xom_only_xom, nicolae_sif_muna_condensation,
          general_overflow_altar

Skill      XL: |  1  2  3  4  5 |
---------------+----------------+-----
Unarmed Combat | 4 |  4.4
Fighting       | 2 |  2.3
Poison Magic   | 1 |  1.4
Dodging        | 3 |  3.0
Spellcasting   | |  2.8
Transmutations | |  2.9

Action                   |  1- 3 |  4- 6 || total
-------------------------+-------+-------++-------
Melee: Unarmed           |    67 |    91 ||   158
       Tentacles         |    12 |    21 ||    33
       Constrict         |    14 |    20 ||    34
       Punch             |     1 |     4 ||     5
       Kick              |       |     1 ||     1
 Cast: Beastly Appendage |       |     1 ||     1
 Stab: Sleeping          |    12 |       ||    12
Armor: Skin              |     8 |    28 ||    36
Dodge: Dodged            |    26 |    65 ||    91

Table legend: (Time is in decaauts)
 A = Elapsed time spent in this place.
 B = Non-inter-level travel time spent in this place.
 C = Inter-level travel time spent in this place.
 D = Time resting spent in this place.
 E = Time spent auto-exploring this place.
 F = Levels seen in this place.
 G = Mean time per level.
                   A        B        C        D        E       F      G
               +--------+--------+--------+--------+--------+-----+--------+
         Total |   2863 |   2768 |     95 |    113 |   2175 |   4 |  715.8 |
       Dungeon |   2863 |   2768 |     95 |    113 |   2175 |   4 |  715.8 |
               +--------+--------+--------+--------+--------+-----+--------+

Top non-repeatable levels by time:
     D:3: 987 daAuts
     D:2: 893 daAuts
     D:1: 840 daAuts
     D:4: 141 daAuts
